[ AOE2 MATCH · #484733126 ]
UnrankedGeorgians vs Georgians
[ REPLAY ANALYSIS · EXTRACTED FROM THE RECORDED GAME ]
Feudal
13:55
Castle
22:27
Imperial
40:53
| APM avg | 34.5 |
| APM peak | 82 |
| eAPM avg | 15.3 |
| Villagers / military | 77 / 77 |
Focus
⚔️ 24.6% · 🌾 75.4%
Knight ×62 · Fishing Ship ×17 · Unknown (2626) ×7 · Demolition Raft ×5 · Trebuchet (Packed) ×5 · Fire Galley ×2
Feudal
14:07
Castle
18:05
Imperial
36:58
| APM avg | 47.9 |
| APM peak | 109 |
| eAPM avg | 18.5 |
| Villagers / military | 116 / 36 |
Focus
⚔️ 27.1% · 🌾 72.9%
Cavalry Archer ×19 · Mangonel ×14 · Fishing Ship ×5 · Battering Ram ×2 · Trebuchet (Packed) ×1
Feudal
16:13
Castle
21:44
Imperial
39:45
| APM avg | 16.2 |
| APM peak | 47 |
| eAPM avg | 10.6 |
| Villagers / military | 123 / 100 |
Focus
⚔️ 28.4% · 🌾 71.6%
Scout Cavalry ×37 · Organ Gun ×32 · Knight ×15 · Fishing Ship ×13 · Caravel ×5 · Cannon Galleon ×5
Feudal
14:33
Castle
18:47
Imperial
32:41
| APM avg | 38.9 |
| APM peak | 76 |
| eAPM avg | 25.4 |
| Villagers / military | 191 / 281 |
Focus
⚔️ 39.6% · 🌾 60.4%
Scout Cavalry ×130 · War Wagon ×128 · Trebuchet (Packed) ×11 · Fishing Ship ×7 · Bombard Cannon ×6 · Monk ×4
Feudal
13:54
Castle
18:19
Imperial
35:54
| APM avg | 23.5 |
| APM peak | 48 |
| eAPM avg | 12.8 |
| Villagers / military | 96 / 120 |
Focus
⚔️ 27.6% · 🌾 72.4%
Skirmisher ×93 · Fishing Ship ×20 · Berserk ×15 · Longboat ×5 · Trebuchet (Packed) ×5 · Mangonel ×2
Feudal
13:00
Castle
21:09
Imperial
—
| APM avg | 31.1 |
| APM peak | 84 |
| eAPM avg | 16.5 |
| Villagers / military | 88 / 103 |
Focus
⚔️ 25.1% · 🌾 74.9%
Rattan Archer ×59 · Battle Elephant ×26 · Fishing Ship ×14 · Battering Ram ×10 · Mangonel ×6 · Petard ×2
Feudal
13:41
Castle
20:32
Imperial
29:20
| APM avg | 21.5 |
| APM peak | 37 |
| eAPM avg | 14.4 |
| Villagers / military | 141 / 347 |
Focus
⚔️ 38.3% · 🌾 61.7%
Spearman ×178 · Scorpion ×161 · Fishing Ship ×7 · Trebuchet (Packed) ×6 · Scout Cavalry ×2
Feudal
12:33
Castle
21:46
Imperial
—
| APM avg | 20.1 |
| APM peak | 60 |
| eAPM avg | 11.6 |
| Villagers / military | 106 / 0 |
Focus
⚔️ 21.2% · 🌾 78.8%
Unknown (1908) ×28 · Unknown (2626) ×13 · Fishing Ship ×9
Match map
Initial resources + every placement click. Lines = walls · curves = elevation contours. ◆ gold · ⬟ stone · ● berries · ✦ relic · ◌ wall gap
Your base· Open — 7t gap
senninho's base· Open — 6t gap
-Miranda-'s base· Open — 7t gap
蒜香骨's base· Open — unwalled flank
Rey_Mono86's base· Open — 6t gap
Sir Monkey's base· Open — 4t gap
2ʙ♥ˡᵒᵛᵉᵧₒᵤ's base· Open — 4t gap
团结鼓励友爱's base· Open — unwalled flank
Smoothed initial terrain · ◌ = detected wall gap · hover for details
Inputs per minute
— MrSmiley - - senninho
Build order — MrSmiley
First 150 of 308 actions detected
| 0:35 | Build | Town Center |
| 1:02 | Build | House |
| 1:07 | Build | Dock |
| 2:57 | Create | Villager (Male) |
| 2:57 | Create | Villager (Male) |
| 2:57 | Create | Villager (Male) |
| 2:58 | Create | Villager (Male) |
| 2:58 | Create | Villager (Male) |
| 3:53 | Create | Fishing Ship |
| 4:37 | Create | Villager (Male) |
| 4:56 | Build | House |
| 5:10 | Create | Villager (Male) |
| 5:46 | Research | Loom |
| 5:58 | Create | Villager (Male) |
| 6:03 | Create | Villager (Male) |
| 6:04 | Create | Villager (Male) |
| 6:11 | Create | Fishing Ship |
| 6:54 | Build | House |
| 7:06 | Create | Villager (Male) |
| 7:06 | Create | Villager (Male) |
| 7:06 | Create | Villager (Male) |
| 7:31 | Create | Villager (Male) |
| 7:31 | Create | Villager (Male) |
| 7:36 | Create | Fishing Ship |
| 7:57 | Build | House |
| 8:15 | Create | Villager (Male) |
| 8:16 | Create | Villager (Male) |
| 8:19 | Create | Villager (Male) |
| 8:19 | Create | Villager (Male) |
| 8:19 | Create | Villager (Male) |
| 8:36 | Create | Fishing Ship |
| 8:49 | Build | House |
| 9:24 | Build | Mill |
| 9:59 | Create | Fishing Ship |
| 9:59 | Create | Fishing Ship |
| 10:14 | Build | House |
| 10:17 | Create | Villager (Male) |
| 10:33 | Build | Mule Cart |
| 10:44 | Create | Villager (Male) |
| 10:47 | Create | Fishing Ship |
| 11:13 | Create | Villager (Male) |
| 11:34 | Create | Fishing Ship |
| 11:45 | Research | Feudal Age |
| 12:53 | Create | Villager (Male) |
| 13:32 | Create | Fishing Ship |
| 13:48 | Build | Dock |
| 13:53 | Build | House |
| 13:55 | Age | Feudal Age |
| 14:05 | Build | House |
| 14:08 | Build | House |
| 14:10 | Build | Barracks |
| 14:13 | Create | Villager (Male) |
| 14:16 | Research | Double-Bit Axe |
| 14:27 | Build | Stone Wall |
| 14:36 | Create | Villager (Male) |
| 14:44 | Create | Demolition Raft |
| 14:52 | Create | Unit 2626 |
| 15:03 | Create | Demolition Raft |
| 15:09 | Create | Villager (Male) |
| 15:10 | Research | Town Watch |
| 15:34 | Build | Outpost |
| 15:37 | Create | Villager (Male) |
| 15:43 | Create | Fishing Ship |
| 15:48 | Create | Unit 2626 |
| 15:48 | Create | Unit 2626 |
| 15:51 | Build | House |
| 16:15 | Create | Villager (Male) |
| 16:23 | Research | Tech 906 |
| 16:54 | Create | Villager (Male) |
| 16:58 | Research | Horse Collar |
| 17:07 | Build | Farm |
| 17:07 | Build | Farm |
| 17:08 | Build | Farm |
| 17:12 | Create | Villager (Male) |
| 17:55 | Build | Market |
| 18:03 | Create | Unit 2626 |
| 18:38 | Create | Unit 2626 |
| 18:42 | Create | Fire Galley |
| 18:50 | Create | Fire Galley |
| 18:58 | Build | Blacksmith |
| 18:59 | Create | Villager (Male) |
| 19:45 | Create | Fishing Ship |
| 19:47 | Research | Castle Age |
| 19:55 | Build | Mule Cart |
| 21:05 | Research | Gold Mining |
| 21:45 | Create | Unit 2626 |
| 21:46 | Create | Unit 2626 |
| 21:50 | Create | Villager (Male) |
| 21:51 | Create | Villager (Male) |
| 22:01 | Build | House |
| 22:05 | Build | House |
| 22:07 | Build | House |
| 22:11 | Create | Villager (Male) |
| 22:27 | Age | Castle Age |
| 22:32 | Research | War Galley (upgrade) |
| 22:48 | Research | Bow Saw |
| 22:59 | Build | House |
| 23:25 | Build | House |
| 23:26 | Build | House |
| 23:31 | Build | Farm |
| 23:32 | Build | Farm |
| 23:33 | Build | Farm |
| 23:41 | Research | Stone Mining |
| 23:42 | Research | Stone Mining |
| 24:02 | Create | Villager (Male) |
| 24:06 | Create | Villager (Male) |
| 24:08 | Research | Wheelbarrow |
| 24:08 | Research | Wheelbarrow |
| 24:26 | Build | Dock |
| 25:07 | Build | Town Center |
| 25:12 | Build | Monastery |
| 25:30 | Build | Watch Tower |
| 25:44 | Build | Watch Tower |
| 25:59 | Build | Stable |
| 26:01 | Create | Villager (Male) |
| 26:02 | Create | Villager (Male) |
| 26:03 | Create | Villager (Male) |
| 26:13 | Research | Fletching |
| 26:14 | Research | Scale Barding Armor |
| 26:31 | Create | Villager (Male) |
| 26:31 | Create | Villager (Male) |
| 26:31 | Create | Villager (Male) |
| 26:38 | Create | Fishing Ship |
| 26:38 | Create | Fishing Ship |
| 27:07 | Build | University |
| 27:15 | Create | Knight |
| 27:15 | Create | Knight |
| 27:32 | Research | Chain Barding Armor |
| 27:34 | Create | Knight |
| 27:59 | Create | Knight |
| 28:06 | Build | Stable |
| 28:16 | Research | Guard Tower (upgrade) |
| 28:23 | Research | Masonry |
| 28:24 | Create | Villager (Male) |
| 28:25 | Create | Villager (Male) |
| 28:25 | Create | Villager (Male) |
| 28:25 | Create | Villager (Male) |
| 28:26 | Create | Villager (Male) |
| 28:53 | Build | Monastery |
| 29:04 | Build | Farm |
| 29:08 | Build | Farm |
| 29:20 | Create | Knight |
| 29:20 | Create | Knight |
| 29:20 | Create | Knight |
| 29:23 | Build | House |
| 29:25 | Build | House |
| 29:26 | Build | House |
| 29:26 | Build | House |
| 29:34 | Research | Forging |
| 29:53 | Build | House |
Build order — senninho
First 150 of 294 actions detected
| 0:10 | Build | Town Center |
| 1:55 | Build | Palisade Wall |
| 1:58 | Build | Palisade Wall |
| 1:59 | Build | Palisade Wall |
| 2:01 | Build | Palisade Wall |
| 2:26 | Build | House |
| 2:28 | Build | House |
| 2:30 | Create | Villager (Male) |
| 2:31 | Create | Villager (Male) |
| 2:31 | Create | Villager (Male) |
| 2:31 | Create | Villager (Male) |
| 2:31 | Create | Villager (Male) |
| 2:31 | Create | Villager (Male) |
| 4:18 | Research | Loom |
| 4:44 | Build | Dock |
| 4:57 | Create | Villager (Male) |
| 4:58 | Create | Villager (Male) |
| 5:33 | Create | Villager (Male) |
| 5:54 | Create | Fishing Ship |
| 5:58 | Create | Villager (Male) |
| 6:25 | Create | Villager (Male) |
| 6:46 | Create | Villager (Male) |
| 6:46 | Create | Villager (Male) |
| 7:13 | Create | Villager (Male) |
| 7:28 | Build | House |
| 7:39 | Create | Villager (Male) |
| 7:39 | Create | Villager (Male) |
| 8:05 | Build | Mill |
| 8:08 | Create | Villager (Male) |
| 8:08 | Create | Villager (Male) |
| 8:09 | Create | Villager (Male) |
| 8:27 | Create | Villager (Male) |
| 8:48 | Create | Fishing Ship |
| 8:55 | Create | Villager (Male) |
| 9:20 | Create | Villager (Male) |
| 9:28 | Build | House |
| 9:42 | Build | Palisade Wall |
| 9:47 | Build | Palisade Wall |
| 9:52 | Build | Palisade Wall |
| 10:09 | Create | Villager (Male) |
| 10:26 | Create | Fishing Ship |
| 10:27 | Create | Villager (Male) |
| 10:33 | Create | Villager (Male) |
| 11:01 | Create | Villager (Male) |
| 11:43 | Build | House |
| 11:57 | Research | Feudal Age |
| 11:58 | Research | Feudal Age |
| 13:17 | Create | Villager (Male) |
| 13:17 | Create | Villager (Male) |
| 13:28 | Build | Palisade Gate |
| 13:37 | Build | House |
| 14:07 | Age | Feudal Age |
| 14:14 | Build | Market |
| 14:19 | Build | Blacksmith |
| 14:41 | Build | House |
| 15:04 | Build | Barracks |
| 15:25 | Research | Castle Age |
| 15:56 | Build | House |
| 16:36 | Build | Archery Range |
| 17:02 | Research | Double-Bit Axe |
| 17:09 | Build | House |
| 17:30 | Build | Archery Range |
| 17:32 | Create | Villager (Male) |
| 17:51 | Build | House |
| 17:56 | Research | Fletching |
| 18:04 | Create | Villager (Male) |
| 18:04 | Create | Villager (Male) |
| 18:05 | Age | Castle Age |
| 18:43 | Build | Stable |
| 18:48 | Create | Cavalry Archer |
| 18:48 | Create | Cavalry Archer |
| 18:49 | Create | Cavalry Archer |
| 18:49 | Create | Cavalry Archer |
| 18:51 | Create | Villager (Male) |
| 18:59 | Build | House |
| 19:27 | Create | Cavalry Archer |
| 19:27 | Create | Cavalry Archer |
| 19:29 | Create | Villager (Male) |
| 19:34 | Build | Farm |
| 20:13 | Create | Villager (Male) |
| 20:16 | Build | Farm |
| 20:27 | Build | Farm |
| 20:47 | Create | Villager (Male) |
| 20:51 | Build | Farm |
| 21:00 | Research | Bloodlines |
| 21:00 | Research | Bloodlines |
| 21:00 | Research | Bloodlines |
| 21:19 | Build | Farm |
| 21:24 | Create | Villager (Male) |
| 21:32 | Create | Cavalry Archer |
| 21:32 | Create | Cavalry Archer |
| 21:53 | Create | Villager (Male) |
| 21:55 | Build | Farm |
| 22:16 | Create | Villager (Male) |
| 22:33 | Build | Siege Workshop |
| 22:37 | Create | Villager (Male) |
| 22:41 | Build | Mule Cart |
| 23:01 | Create | Villager (Male) |
| 23:12 | Research | Bodkin Arrow |
| 23:26 | Create | Villager (Male) |
| 23:37 | Research | Gold Mining |
| 23:41 | Create | Villager (Male) |
| 23:55 | Build | Dock |
| 24:00 | Create | Cavalry Archer |
| 24:01 | Create | Cavalry Archer |
| 24:10 | Create | Villager (Male) |
| 24:15 | Build | Farm |
| 24:33 | Create | Mangonel |
| 24:40 | Create | Villager (Male) |
| 24:44 | Build | Farm |
| 24:54 | Research | Horse Collar |
| 25:00 | Build | Farm |
| 25:06 | Create | Villager (Male) |
| 25:28 | Create | Mangonel |
| 25:29 | Create | Villager (Male) |
| 25:36 | Build | Farm |
| 26:02 | Create | Villager (Male) |
| 26:16 | Create | Cavalry Archer |
| 26:17 | Create | Cavalry Archer |
| 26:23 | Build | Farm |
| 26:37 | Create | Mangonel |
| 26:40 | Create | Villager (Male) |
| 26:56 | Create | Villager (Male) |
| 27:01 | Build | House |
| 27:06 | Research | Padded Archer Armor |
| 27:08 | Create | Villager (Male) |
| 27:21 | Build | University |
| 27:38 | Build | House |
| 27:39 | Build | House |
| 27:41 | Build | House |
| 28:00 | Create | Villager (Male) |
| 28:02 | Research | Town Watch |
| 28:07 | Create | Villager (Male) |
| 28:37 | Create | Fishing Ship |
| 28:37 | Create | Fishing Ship |
| 28:51 | Build | Palisade Gate |
| 29:01 | Create | Villager (Male) |
| 29:06 | Build | Town Center |
| 29:22 | Build | Farm |
| 29:35 | Build | Farm |
| 29:37 | Create | Villager (Male) |
| 29:45 | Build | Farm |
| 29:54 | Create | Cavalry Archer |
| 29:54 | Create | Cavalry Archer |
| 30:15 | Create | Villager (Male) |
| 30:18 | Research | Wheelbarrow |
| 30:24 | Create | Cavalry Archer |
| 30:24 | Create | Cavalry Archer |
| 30:26 | Create | Villager (Male) |
| 30:32 | Research | Stone Mining |
Build order — -Miranda-
First 150 of 340 actions detected
| 0:14 | Build | Town Center |
| 1:41 | Build | House |
| 2:39 | Create | Villager (Male) ×4 |
| 2:49 | Build | Dock |
| 3:52 | Create | Fishing Ship |
| 4:03 | Research | Loom |
| 4:33 | Create | Fishing Ship |
| 4:58 | Build | House |
| 5:02 | Create | Villager (Male) |
| 5:38 | Create | Villager (Male) |
| 5:40 | Create | Fishing Ship |
| 6:02 | Create | Villager (Male) |
| 6:24 | Create | Fishing Ship |
| 6:24 | Create | Fishing Ship |
| 6:35 | Create | Villager (Male) |
| 6:59 | Create | Fishing Ship |
| 7:08 | Create | Villager (Male) |
| 7:08 | Create | Villager (Male) |
| 7:11 | Build | House |
| 7:54 | Create | Villager (Male) |
| 8:07 | Create | Fishing Ship |
| 8:17 | Create | Villager (Male) |
| 8:20 | Build | House |
| 8:38 | Build | House |
| 8:44 | Create | Villager (Male) |
| 8:56 | Create | Villager (Male) |
| 9:03 | Create | Fishing Ship |
| 9:34 | Create | Villager (Male) |
| 9:39 | Create | Fishing Ship |
| 10:03 | Create | Villager (Male) |
| 10:13 | Create | Fishing Ship |
| 10:18 | Create | Villager (Male) |
| 10:31 | Build | House |
| 10:35 | Build | House |
| 10:49 | Create | Fishing Ship |
| 10:49 | Create | Fishing Ship |
| 11:11 | Create | Villager (Male) |
| 11:38 | Create | Villager (Male) |
| 12:01 | Create | Villager (Male) |
| 12:11 | Create | Fishing Ship |
| 12:19 | Build | Mining Camp |
| 12:22 | Create | Villager (Male) |
| 12:56 | Build | Mill |
| 12:57 | Create | Villager (Male) |
| 13:59 | Build | Farm |
| 14:00 | Build | Farm |
| 14:01 | Build | Farm |
| 14:01 | Build | Farm |
| 14:02 | Build | Farm |
| 14:03 | Research | Feudal Age |
| 14:06 | Build | Farm |
| 14:06 | Build | Farm |
| 14:06 | Build | Farm |
| 14:07 | Build | Farm |
| 14:07 | Build | Farm |
| 14:07 | Build | Farm |
| 14:09 | Build | Farm |
| 14:51 | Create | Villager (Male) |
| 15:45 | Build | Barracks |
| 15:51 | Build | Lumber Camp |
| 16:13 | Age | Feudal Age |
| 16:17 | Create | Villager (Male) |
| 16:17 | Create | Villager (Male) |
| 17:07 | Build | Blacksmith |
| 17:11 | Create | Villager (Male) |
| 17:15 | Build | Farm |
| 17:51 | Create | Villager (Male) |
| 17:58 | Build | Market |
| 18:09 | Create | Villager (Male) |
| 18:53 | Create | Galley |
| 19:04 | Research | Castle Age |
| 19:16 | Build | Mining Camp |
| 19:48 | Create | Villager (Male) |
| 19:49 | Create | Villager (Male) |
| 20:14 | Research | Scale Barding Armor |
| 21:44 | Age | Castle Age |
| 21:57 | Build | Town Center |
| 22:06 | Build | Stable |
| 22:12 | Research | Double-Bit Axe |
| 22:18 | Research | Horse Collar |
| 22:27 | Create | Villager (Male) |
| 22:56 | Create | Caravel |
| 22:59 | Create | Caravel |
| 23:01 | Create | Villager (Male) |
| 23:02 | Create | Villager (Male) |
| 23:31 | Build | House |
| 23:35 | Build | House |
| 23:36 | Build | House |
| 23:38 | Build | House |
| 23:41 | Create | Villager (Male) |
| 23:44 | Research | Wheelbarrow |
| 23:55 | Research | Tech 906 |
| 23:57 | Create | Galley |
| 24:00 | Create | Caravel |
| 24:01 | Create | Villager (Male) |
| 24:04 | Build | Farm |
| 24:06 | Build | Farm |
| 24:08 | Create | Villager (Male) |
| 24:12 | Create | Villager (Male) |
| 24:54 | Research | Forging |
| 24:58 | Create | Knight |
| 24:59 | Create | Knight |
| 25:03 | Create | Villager (Male) |
| 25:17 | Create | Villager (Male) |
| 25:18 | Create | Villager (Male) |
| 25:18 | Create | Villager (Male) |
| 25:19 | Create | Villager (Male) |
| 25:19 | Create | Villager (Male) |
| 25:23 | Build | Farm |
| 25:34 | Research | Bow Saw |
| 25:36 | Create | Villager (Male) |
| 26:00 | Create | Villager (Male) |
| 26:01 | Create | Villager (Male) |
| 26:02 | Create | Villager (Male) |
| 26:02 | Create | Villager (Male) |
| 26:04 | Build | Farm |
| 26:06 | Create | Villager (Male) |
| 26:06 | Create | Villager (Male) |
| 26:17 | Create | Villager (Male) |
| 26:26 | Create | Villager (Male) |
| 26:56 | Research | Iron Casting |
| 26:56 | Research | Iron Casting |
| 27:07 | Create | Villager (Male) |
| 27:10 | Create | Villager (Male) |
| 27:17 | Create | Villager (Male) |
| 27:17 | Create | Villager (Male) |
| 27:29 | Research | Fletching |
| 27:35 | Create | Caravel |
| 27:36 | Create | Villager (Male) |
| 28:01 | Create | Knight |
| 28:04 | Create | Villager (Male) |
| 28:05 | Create | Villager (Male) |
| 28:17 | Create | Villager (Male) |
| 28:26 | Create | Villager (Male) |
| 28:27 | Create | Villager (Male) |
| 28:57 | Research | Gold Mining |
| 29:01 | Build | House |
| 29:03 | Build | House |
| 29:04 | Build | House |
| 29:06 | Build | House |
| 29:10 | Research | Stone Mining |
| 29:35 | Create | Villager (Male) |
| 29:54 | Research | Hand Cart |
| 29:56 | Create | Villager (Male) |
| 29:56 | Create | Villager (Male) |
| 29:56 | Create | Villager (Male) |
| 30:18 | Research | Gillnets |
| 30:30 | Build | Dock |
| 31:10 | Create | Villager (Male) |
| 31:10 | Create | Villager (Male) |
Build order — 蒜香骨
First 150 of 621 actions detected
| 0:13 | Build | Town Center |
| 1:32 | Build | House |
| 1:43 | Build | Palisade Wall |
| 2:02 | Build | Palisade Wall |
| 2:07 | Build | Palisade Wall |
| 2:09 | Build | Palisade Wall |
| 2:11 | Build | Palisade Wall |
| 2:16 | Build | Palisade Wall |
| 2:29 | Build | Palisade Wall |
| 2:35 | Build | Palisade Wall |
| 2:42 | Build | Palisade Wall |
| 2:48 | Create | Villager (Male) |
| 2:48 | Create | Villager (Male) |
| 2:48 | Create | Villager (Male) |
| 2:48 | Create | Villager (Male) |
| 4:35 | Create | Villager (Male) |
| 4:36 | Create | Villager (Male) |
| 4:59 | Build | Dock |
| 5:07 | Create | Villager (Male) |
| 5:07 | Create | Villager (Male) |
| 5:17 | Build | House |
| 5:42 | Create | Villager (Male) |
| 5:42 | Create | Villager (Male) |
| 5:51 | Research | Loom |
| 6:11 | Create | Villager (Male) |
| 6:11 | Create | Villager (Male) |
| 6:12 | Create | Villager (Male) |
| 6:16 | Build | House |
| 6:17 | Create | Fishing Ship |
| 6:57 | Build | Palisade Wall |
| 6:58 | Create | Villager (Male) |
| 7:01 | Create | Villager (Male) |
| 7:10 | Create | Fishing Ship |
| 7:15 | Create | Villager (Male) |
| 7:51 | Create | Villager (Male) |
| 7:51 | Create | Villager (Male) |
| 8:10 | Create | Fishing Ship |
| 8:22 | Build | House |
| 8:35 | Create | Villager (Male) |
| 8:36 | Create | Villager (Male) |
| 8:44 | Create | Villager (Male) |
| 8:51 | Build | House |
| 9:04 | Create | Fishing Ship |
| 9:04 | Create | Fishing Ship |
| 9:28 | Create | Villager (Male) |
| 9:31 | Create | Fishing Ship |
| 9:58 | Create | Villager (Male) |
| 10:02 | Build | House |
| 10:17 | Create | Fishing Ship |
| 10:25 | Build | House |
| 10:32 | Create | Villager (Male) |
| 10:32 | Create | Villager (Male) |
| 10:42 | Build | House |
| 11:11 | Create | Villager (Male) |
| 11:15 | Create | Villager (Male) |
| 11:17 | Build | Lumber Camp |
| 11:30 | Build | House |
| 11:45 | Build | House |
| 12:06 | Build | Palisade Wall |
| 12:09 | Build | Palisade Wall |
| 12:16 | Research | Feudal Age |
| 12:32 | Build | Mining Camp |
| 12:45 | Build | Palisade Gate |
| 12:57 | Build | House |
| 13:01 | Build | Palisade Wall |
| 13:05 | Build | Palisade Wall |
| 13:30 | Build | Mill |
| 14:01 | Create | Villager (Male) |
| 14:28 | Build | House |
| 14:33 | Age | Feudal Age |
| 14:47 | Create | Unit 2626 |
| 14:52 | Build | Fish Trap |
| 14:59 | Build | House |
| 15:03 | Create | Villager (Male) |
| 15:03 | Create | Villager (Male) |
| 15:06 | Build | Market |
| 15:14 | Build | Blacksmith |
| 15:50 | Create | Villager (Male) |
| 16:07 | Research | Castle Age |
| 16:07 | Research | Castle Age |
| 16:31 | Create | Villager (Male) |
| 17:09 | Create | Fire Galley |
| 17:10 | Create | Fire Galley |
| 17:14 | Create | Villager (Male) |
| 18:09 | Create | Villager (Male) |
| 18:23 | Research | Double-Bit Axe |
| 18:47 | Age | Castle Age |
| 18:53 | Build | Town Center |
| 18:57 | Create | Villager (Male) |
| 19:14 | Build | Town Center |
| 19:35 | Build | Farm |
| 19:35 | Build | Farm |
| 19:35 | Build | Farm |
| 19:36 | Build | Farm |
| 19:37 | Create | Villager (Male) |
| 19:37 | Create | Villager (Male) |
| 19:54 | Build | Monastery |
| 19:58 | Create | Villager (Male) |
| 20:01 | Create | Villager (Male) |
| 20:06 | Create | Villager (Male) |
| 20:08 | Create | Villager (Male) |
| 20:12 | Create | Villager (Male) |
| 20:24 | Create | Villager (Male) |
| 20:34 | Create | Villager (Male) |
| 20:41 | Create | Monk |
| 20:41 | Create | Monk |
| 20:41 | Create | Monk |
| 20:45 | Build | House |
| 20:46 | Create | Villager (Male) |
| 20:49 | Create | Villager (Male) |
| 20:49 | Create | Villager (Male) |
| 21:01 | Create | Villager (Male) |
| 21:08 | Build | House |
| 21:10 | Create | Villager (Male) |
| 21:17 | Research | Bow Saw |
| 21:19 | Create | Villager (Male) |
| 21:34 | Build | Barracks |
| 21:43 | Create | Villager (Male) |
| 21:47 | Create | Villager (Male) |
| 21:57 | Build | Farm |
| 21:58 | Create | Villager (Male) |
| 22:07 | Create | Villager (Male) |
| 22:08 | Build | Farm |
| 22:09 | Build | Farm |
| 22:09 | Build | Farm |
| 22:09 | Build | Farm |
| 22:21 | Build | House |
| 22:26 | Create | Villager (Male) |
| 22:42 | Build | Farm |
| 22:50 | Create | Villager (Male) |
| 22:54 | Create | Villager (Male) |
| 22:59 | Create | Villager (Male) |
| 23:03 | Build | Farm |
| 23:10 | Build | Lumber Camp |
| 23:17 | Build | Farm |
| 23:18 | Create | Villager (Male) |
| 23:23 | Build | Farm |
| 23:27 | Create | Villager (Male) |
| 23:31 | Build | House |
| 23:32 | Create | Villager (Male) |
| 23:37 | Build | Farm |
| 23:38 | Build | Farm |
| 23:38 | Build | Farm |
| 23:38 | Build | Farm |
| 23:44 | Create | Villager (Male) |
| 23:46 | Create | Villager (Male) |
| 23:46 | Create | Villager (Male) |
| 23:48 | Create | Villager (Male) |
| 23:49 | Create | Villager (Male) |
| 24:02 | Create | Villager (Male) |
Build order — Rey_Mono86
First 150 of 323 actions detected
| 0:21 | Build | Dock |
| 0:26 | Build | Town Center |
| 1:06 | Build | House |
| 1:42 | Build | Palisade Wall |
| 1:44 | Build | Palisade Wall |
| 2:28 | Build | Palisade Wall |
| 2:41 | Create | Villager (Male) |
| 2:41 | Create | Villager (Male) |
| 2:42 | Create | Villager (Male) |
| 2:42 | Create | Villager (Male) |
| 2:42 | Create | Villager (Male) |
| 2:53 | Research | Loom |
| 3:14 | Create | Villager (Male) |
| 3:15 | Create | Villager (Male) |
| 3:30 | Create | Villager (Male) |
| 3:57 | Create | Fishing Ship |
| 3:57 | Create | Fishing Ship |
| 4:12 | Build | House |
| 5:07 | Create | Fishing Ship |
| 5:07 | Create | Fishing Ship |
| 5:38 | Create | Villager (Male) |
| 6:02 | Create | Fishing Ship |
| 6:02 | Create | Fishing Ship |
| 6:17 | Create | Villager (Male) |
| 6:17 | Create | Villager (Male) |
| 6:53 | Build | House |
| 6:54 | Create | Villager (Male) |
| 7:04 | Create | Villager (Male) |
| 7:06 | Create | Fishing Ship |
| 7:07 | Create | Fishing Ship |
| 7:23 | Create | Villager (Male) |
| 7:43 | Create | Fishing Ship |
| 7:59 | Create | Villager (Male) |
| 8:25 | Build | House |
| 8:29 | Create | Fishing Ship |
| 8:46 | Create | Villager (Male) |
| 8:46 | Create | Villager (Male) |
| 8:47 | Create | Villager (Male) |
| 9:17 | Create | Villager (Male) |
| 9:23 | Create | Fishing Ship |
| 9:26 | Build | House |
| 9:27 | Create | Villager (Male) |
| 9:51 | Create | Villager (Male) |
| 10:07 | Build | Mining Camp |
| 10:13 | Create | Villager (Male) |
| 11:23 | Build | Lumber Camp |
| 11:44 | Research | Feudal Age |
| 11:44 | Research | Feudal Age |
| 12:33 | Build | House |
| 13:20 | Build | Palisade Wall |
| 13:46 | Create | Villager (Male) |
| 13:48 | Create | Villager (Male) |
| 13:54 | Age | Feudal Age |
| 13:57 | Build | Blacksmith |
| 14:00 | Build | Palisade Wall |
| 14:09 | Build | Mill |
| 14:30 | Create | Villager (Male) |
| 14:45 | Create | Villager (Male) |
| 14:58 | Build | Market |
| 15:39 | Research | Castle Age |
| 15:39 | Research | Castle Age |
| 16:08 | Research | Fletching |
| 16:09 | Research | Double-Bit Axe |
| 16:09 | Research | Double-Bit Axe |
| 16:32 | Build | Dock |
| 17:15 | Build | House |
| 17:42 | Research | Gold Mining |
| 17:42 | Research | Gold Mining |
| 18:15 | Build | House |
| 18:19 | Age | Castle Age |
| 18:21 | Create | Longboat |
| 18:21 | Create | Longboat |
| 18:23 | Create | Longboat |
| 18:23 | Create | Longboat |
| 18:31 | Build | Mining Camp |
| 18:36 | Create | Villager (Male) |
| 18:36 | Create | Villager (Male) |
| 18:37 | Create | Villager (Male) |
| 18:55 | Build | House |
| 19:28 | Research | Bow Saw |
| 19:29 | Research | Bow Saw |
| 19:29 | Create | Villager (Male) |
| 19:34 | Build | House |
| 19:37 | Create | Longboat |
| 20:32 | Build | Town Center |
| 20:35 | Create | Villager (Male) |
| 20:37 | Create | Villager (Male) |
| 20:46 | Build | House |
| 21:05 | Create | Villager (Male) |
| 21:07 | Create | Villager (Male) |
| 21:11 | Build | Town Center |
| 21:19 | Build | House |
| 21:43 | Create | Villager (Male) |
| 21:57 | Create | Villager (Male) |
| 21:58 | Create | Villager (Male) |
| 22:14 | Create | Villager (Male) |
| 22:14 | Create | Villager (Male) |
| 22:22 | Build | Barracks |
| 22:32 | Create | Villager (Male) |
| 22:33 | Create | Villager (Male) |
| 22:42 | Research | Stone Mining |
| 22:59 | Create | Villager (Male) |
| 23:03 | Build | Archery Range |
| 23:13 | Create | Fishing Ship |
| 23:17 | Create | Fishing Ship |
| 23:17 | Create | Fishing Ship |
| 23:28 | Create | Villager (Male) |
| 24:01 | Create | Villager (Male) |
| 24:02 | Create | Villager (Male) |
| 24:08 | Research | Elite Skirmisher (upgrade) |
| 24:08 | Research | Elite Skirmisher (upgrade) |
| 24:19 | Build | Castle |
| 24:23 | Create | Villager (Male) |
| 24:37 | Create | Villager (Male) |
| 24:41 | Build | Farm |
| 24:43 | Build | Farm |
| 24:46 | Build | Farm |
| 24:46 | Create | Villager (Male) |
| 24:49 | Create | Villager (Male) |
| 24:50 | Create | Villager (Male) |
| 25:03 | Create | Fishing Ship |
| 25:04 | Create | Fishing Ship |
| 25:05 | Create | Fishing Ship |
| 25:10 | Build | House |
| 25:17 | Build | Farm |
| 25:22 | Build | Farm |
| 25:24 | Build | Farm |
| 25:30 | Create | Skirmisher |
| 25:31 | Create | Skirmisher |
| 25:31 | Create | Skirmisher |
| 25:31 | Create | Skirmisher |
| 25:32 | Create | Skirmisher |
| 26:07 | Build | Lumber Camp |
| 26:16 | Create | Skirmisher |
| 26:16 | Create | Skirmisher |
| 26:29 | Create | Villager (Male) |
| 26:31 | Create | Villager (Male) |
| 26:34 | Create | Villager (Male) |
| 26:35 | Create | Villager (Male) |
| 26:44 | Build | House |
| 27:15 | Build | Castle |
| 27:20 | Create | Villager (Male) |
| 27:21 | Create | Villager (Male) |
| 27:34 | Build | University |
| 27:38 | Create | Villager (Male) |
| 27:39 | Create | Villager (Male) |
| 27:40 | Create | Villager (Male) |
| 27:57 | Create | Skirmisher |
| 28:14 | Build | Castle |
| 28:17 | Create | Villager (Male) |
Build order — Sir Monkey
First 150 of 332 actions detected
| 0:07 | Build | Town Center |
| 0:20 | Build | House |
| 0:22 | Build | House |
| 2:30 | Create | Villager (Male) |
| 2:30 | Create | Villager (Male) |
| 2:30 | Create | Villager (Male) |
| 2:30 | Create | Villager (Male) |
| 2:50 | Build | Dock |
| 3:48 | Create | Villager (Male) |
| 3:48 | Create | Villager (Male) |
| 4:07 | Create | Villager (Male) |
| 4:07 | Create | Villager (Male) |
| 4:50 | Create | Villager (Male) |
| 4:51 | Create | Villager (Male) |
| 5:34 | Create | Villager (Male) |
| 5:34 | Create | Villager (Male) |
| 5:34 | Create | Villager (Male) |
| 5:40 | Create | Villager (Male) |
| 5:40 | Create | Villager (Male) |
| 5:40 | Create | Villager (Male) |
| 5:41 | Create | Fishing Ship |
| 5:42 | Create | Fishing Ship |
| 5:42 | Create | Fishing Ship |
| 5:59 | Build | House |
| 6:00 | Build | House |
| 6:08 | Create | Villager (Male) |
| 6:08 | Create | Villager (Male) |
| 6:41 | Create | Fishing Ship |
| 6:41 | Create | Fishing Ship |
| 6:49 | Create | Villager (Male) |
| 6:59 | Build | House |
| 7:14 | Research | Loom |
| 7:29 | Create | Villager (Male) |
| 7:30 | Create | Villager (Male) |
| 8:00 | Create | Villager (Male) |
| 8:03 | Create | Fishing Ship |
| 8:03 | Create | Fishing Ship |
| 8:03 | Create | Fishing Ship |
| 8:15 | Create | Villager (Male) |
| 8:16 | Create | Villager (Male) |
| 8:16 | Create | Villager (Male) |
| 8:54 | Create | Villager (Male) |
| 9:02 | Build | Mill |
| 9:13 | Create | Fishing Ship |
| 9:14 | Create | Fishing Ship |
| 9:50 | Build | Mill |
| 10:40 | Build | Barracks |
| 10:50 | Research | Feudal Age |
| 11:36 | Build | Palisade Wall |
| 12:57 | Build | Mining Camp |
| 13:00 | Age | Feudal Age |
| 13:10 | Build | Archery Range |
| 13:18 | Build | Lumber Camp |
| 13:22 | Create | Villager (Male) |
| 13:23 | Create | Villager (Male) |
| 13:31 | Build | Stone Wall |
| 14:05 | Build | Blacksmith |
| 14:09 | Build | House |
| 14:15 | Create | Villager (Male) |
| 14:34 | Build | House |
| 14:39 | Create | Villager (Male) |
| 14:45 | Build | Mining Camp |
| 14:48 | Create | Villager (Male) |
| 14:49 | Create | Villager (Male) |
| 15:12 | Research | Tech 906 |
| 15:18 | Create | Fishing Ship |
| 15:24 | Research | Double-Bit Axe |
| 15:50 | Create | Villager (Male) |
| 16:13 | Create | Fishing Ship |
| 16:22 | Create | Fishing Ship |
| 16:30 | Create | Fishing Ship |
| 16:58 | Create | Villager (Male) |
| 17:35 | Build | Dock |
| 17:54 | Build | Market |
| 18:07 | Build | House |
| 18:08 | Build | House |
| 18:29 | Research | Castle Age |
| 18:29 | Research | Castle Age |
| 20:17 | Create | Unit 2626 |
| 20:23 | Create | Unit 2626 |
| 21:09 | Age | Castle Age |
| 21:21 | Build | Castle |
| 21:33 | Build | Town Center |
| 21:58 | Research | Horse Collar |
| 22:00 | Create | Villager (Male) |
| 22:01 | Create | Villager (Male) |
| 22:01 | Create | Villager (Male) |
| 22:01 | Create | Villager (Male) |
| 22:02 | Create | Villager (Male) |
| 22:02 | Create | Villager (Male) |
| 22:02 | Create | Villager (Male) |
| 22:02 | Create | Villager (Male) |
| 22:08 | Research | Forging |
| 22:10 | Research | Fletching |
| 22:12 | Research | Padded Archer Armor |
| 22:30 | Research | Crossbowman (upgrade) |
| 22:38 | Build | Farm |
| 22:51 | Create | Rattan Archer |
| 22:51 | Create | Rattan Archer |
| 22:51 | Create | Rattan Archer |
| 22:52 | Create | Rattan Archer |
| 22:52 | Create | Rattan Archer |
| 22:52 | Create | Rattan Archer |
| 22:52 | Create | Rattan Archer |
| 23:12 | Build | Farm |
| 23:18 | Build | Farm |
| 23:33 | Build | Mining Camp |
| 23:43 | Build | Farm |
| 23:47 | Create | Rattan Archer |
| 23:47 | Create | Rattan Archer |
| 24:13 | Build | Palisade Wall |
| 24:27 | Create | Villager (Male) |
| 24:28 | Create | Villager (Male) |
| 24:28 | Create | Villager (Male) |
| 24:32 | Build | Farm |
| 24:35 | Build | Farm |
| 24:40 | Create | Villager (Male) |
| 24:55 | Create | Rattan Archer |
| 24:55 | Create | Rattan Archer |
| 24:56 | Create | Rattan Archer |
| 24:56 | Create | Rattan Archer |
| 25:39 | Create | Petard |
| 25:40 | Create | Petard |
| 25:45 | Research | Gold Mining |
| 25:53 | Build | Palisade Wall |
| 26:01 | Build | Farm |
| 26:02 | Build | Farm |
| 26:04 | Build | Farm |
| 26:06 | Build | Farm |
| 26:08 | Build | Farm |
| 26:11 | Build | Farm |
| 26:15 | Create | Villager (Male) |
| 26:15 | Create | Villager (Male) |
| 26:48 | Build | Palisade Wall |
| 27:03 | Create | Rattan Archer |
| 27:04 | Create | Rattan Archer |
| 27:04 | Create | Rattan Archer |
| 27:04 | Create | Rattan Archer |
| 27:04 | Create | Rattan Archer |
| 27:04 | Create | Rattan Archer |
| 27:05 | Create | Rattan Archer |
| 27:05 | Create | Rattan Archer |
| 27:41 | Build | Siege Workshop |
| 27:48 | Create | Villager (Male) |
| 27:48 | Create | Villager (Male) |
| 27:49 | Create | Villager (Male) |
| 27:49 | Create | Villager (Male) |
| 27:52 | Create | Villager (Male) |
| 27:53 | Create | Villager (Male) |
| 28:01 | Build | Stone Wall |
Build order — 2ʙ♥ˡᵒᵛᵉᵧₒᵤ
First 150 of 345 actions detected
| 0:23 | Build | Town Center |
| 2:26 | Build | House |
| 2:28 | Build | House |
| 2:34 | Create | Villager (Male) ×4 |
| 2:39 | Research | Loom |
| 3:18 | Build | Dock |
| 4:28 | Create | Villager (Male) |
| 4:29 | Create | Villager (Male) |
| 4:54 | Create | Villager (Male) |
| 5:25 | Create | Villager (Male) ×2 |
| 5:52 | Create | Fishing Ship |
| 6:23 | Create | Villager (Male) |
| 6:28 | Build | House |
| 6:56 | Create | Villager (Male) ×3 |
| 7:15 | Create | Fishing Ship |
| 7:36 | Create | Villager (Male) |
| 8:04 | Create | Fishing Ship |
| 8:18 | Create | Villager (Male) |
| 8:22 | Build | House |
| 8:24 | Build | House |
| 8:25 | Build | House |
| 8:41 | Create | Villager (Male) |
| 8:56 | Create | Fishing Ship |
| 9:15 | Create | Villager (Male) |
| 9:34 | Create | Villager (Male) |
| 9:53 | Create | Villager (Male) |
| 10:04 | Create | Villager (Male) |
| 10:26 | Create | Fishing Ship |
| 10:36 | Build | Mill |
| 10:42 | Create | Villager (Male) |
| 10:54 | Create | Fishing Ship |
| 11:12 | Build | House |
| 11:13 | Build | House |
| 11:14 | Build | House |
| 11:16 | Research | Feudal Age |
| 11:50 | Create | Villager (Male) |
| 12:06 | Create | Villager (Male) |
| 12:11 | Build | Mining Camp |
| 12:26 | Build | Barracks |
| 12:34 | Create | Villager (Male) |
| 12:51 | Create | Fishing Ship |
| 13:41 | Age | Feudal Age |
| 13:43 | Create | Villager (Male) |
| 14:06 | Build | Stable |
| 14:12 | Build | Dock |
| 14:57 | Build | Lumber Camp |
| 14:58 | Create | Villager (Male) |
| 15:06 | Create | Scout Cavalry |
| 15:22 | Create | Villager (Male) |
| 15:57 | Create | Villager (Male) |
| 16:03 | Build | Blacksmith |
| 16:09 | Create | Villager (Male) |
| 16:38 | Create | Villager (Male) |
| 16:54 | Create | Villager (Male) |
| 17:12 | Build | Market |
| 17:14 | Research | Horse Collar |
| 17:16 | Research | Double-Bit Axe |
| 17:30 | Create | Villager (Male) |
| 17:36 | Research | Castle Age |
| 18:00 | Create | Villager (Male) |
| 18:19 | Build | Mining Camp |
| 18:24 | Build | Farm |
| 18:24 | Build | Farm |
| 18:25 | Build | Farm |
| 18:25 | Build | Farm |
| 18:28 | Build | Farm |
| 18:52 | Create | Villager (Male) |
| 18:58 | Build | Farm |
| 19:03 | Build | House |
| 19:04 | Build | House |
| 19:07 | Build | House |
| 19:09 | Build | House |
| 19:40 | Create | Villager (Male) |
| 19:45 | Research | Wheelbarrow |
| 19:58 | Research | Stone Mining |
| 19:59 | Research | Gold Mining |
| 20:12 | Build | Farm |
| 20:32 | Age | Castle Age |
| 20:36 | Create | Scout Cavalry |
| 20:39 | Create | Villager (Male) |
| 20:46 | Research | Bow Saw |
| 21:28 | Build | Town Center |
| 21:38 | Create | Villager (Male) |
| 21:51 | Create | Villager (Male) |
| 22:18 | Build | Town Center |
| 22:22 | Research | Gold Shaft Mining |
| 22:23 | Create | Villager (Male) |
| 22:38 | Create | Villager (Male) |
| 22:39 | Create | Villager (Male) |
| 22:48 | Research | Heavy Plow |
| 22:55 | Build | Farm |
| 22:56 | Build | Farm |
| 23:05 | Create | Villager (Male) |
| 23:14 | Create | Villager (Male) |
| 23:24 | Create | Villager (Male) |
| 23:30 | Create | Villager (Male) |
| 23:39 | Build | Siege Workshop |
| 23:40 | Create | Villager (Male) |
| 23:42 | Create | Villager (Male) |
| 23:46 | Build | Farm |
| 23:51 | Build | Farm |
| 23:55 | Create | Villager (Male) |
| 24:04 | Build | University |
| 24:06 | Create | Villager (Male) |
| 24:23 | Create | Villager (Male) |
| 24:29 | Create | Villager (Male) |
| 24:37 | Build | Castle |
| 24:43 | Create | Villager (Male) |
| 24:47 | Create | Villager (Male) |
| 24:55 | Build | Farm |
| 25:01 | Create | Villager (Male) |
| 25:08 | Create | Villager (Male) |
| 25:19 | Build | Monastery |
| 25:27 | Create | Villager (Male) |
| 25:29 | Create | Villager (Male) |
| 25:31 | Create | Villager (Male) |
| 25:44 | Create | Villager (Male) |
| 25:51 | Research | Imperial Age |
| 25:58 | Create | Villager (Male) |
| 26:11 | Build | Mining Camp |
| 26:14 | Create | Villager (Male) |
| 26:41 | Create | Scorpion |
| 26:41 | Create | Scorpion |
| 26:44 | Create | Spearman |
| 26:44 | Create | Spearman |
| 26:45 | Create | Villager (Male) |
| 26:55 | Create | Villager (Male) |
| 27:20 | Create | Spearman |
| 27:21 | Create | Spearman |
| 27:44 | Create | Villager (Male) |
| 27:47 | Create | Villager (Male) |
| 27:55 | Build | Lumber Camp |
| 27:58 | Create | Villager (Male) |
| 28:05 | Create | Villager (Male) |
| 28:10 | Build | Castle |
| 28:15 | Create | Villager (Male) |
| 28:20 | Create | Villager (Male) |
| 28:28 | Build | Farm |
| 28:29 | Build | Farm |
| 28:39 | Research | Pikeman (upgrade) |
| 28:40 | Research | Squires |
| 28:45 | Create | Scorpion |
| 28:45 | Create | Scorpion |
| 28:45 | Create | Scorpion |
| 28:47 | Research | Ballistics |
| 28:49 | Research | Ballistas |
| 28:53 | Create | Villager (Male) |
| 29:06 | Create | Villager (Male) |
| 29:20 | Age | Imperial Age |
| 29:22 | Build | Farm |
Build order — 团结鼓励友爱
First 150 of 267 actions detected
| 0:25 | Build | Town Center |
| 1:13 | Build | Dock |
| 1:17 | Build | House |
| 2:53 | Create | Villager (Male) |
| 2:54 | Create | Villager (Male) |
| 2:54 | Create | Villager (Male) |
| 2:54 | Create | Villager (Male) |
| 2:55 | Create | Villager (Male) |
| 2:55 | Create | Villager (Male) |
| 3:54 | Create | Fishing Ship |
| 3:54 | Create | Fishing Ship |
| 4:28 | Create | Villager (Male) |
| 4:28 | Create | Villager (Male) |
| 4:28 | Create | Villager (Male) |
| 5:08 | Build | House |
| 5:11 | Create | Villager (Male) |
| 5:11 | Create | Villager (Male) |
| 5:11 | Create | Villager (Male) |
| 5:21 | Create | Villager (Male) |
| 5:21 | Create | Villager (Male) |
| 5:44 | Create | Villager (Male) |
| 5:44 | Create | Villager (Male) |
| 5:44 | Create | Villager (Male) |
| 6:06 | Create | Villager (Male) |
| 6:07 | Create | Villager (Male) |
| 6:07 | Create | Villager (Male) |
| 6:12 | Create | Fishing Ship |
| 6:28 | Build | House |
| 6:34 | Create | Villager (Male) |
| 6:39 | Build | House |
| 7:09 | Create | Villager (Male) |
| 7:15 | Create | Fishing Ship |
| 7:36 | Create | Villager (Male) |
| 7:37 | Create | Villager (Male) |
| 7:37 | Create | Villager (Male) |
| 8:06 | Build | House |
| 8:10 | Create | Villager (Male) |
| 8:56 | Build | Mining Camp |
| 8:59 | Build | House |
| 9:01 | Create | Villager (Male) |
| 9:03 | Create | Villager (Male) |
| 9:23 | Create | Fishing Ship |
| 9:53 | Create | Villager (Male) |
| 10:23 | Research | Feudal Age |
| 10:23 | Research | Feudal Age |
| 10:58 | Build | House |
| 11:16 | Build | House |
| 11:29 | Build | Palisade Wall |
| 11:59 | Build | Dock |
| 12:09 | Build | House |
| 12:15 | Create | Villager (Male) |
| 12:33 | Age | Feudal Age |
| 12:37 | Create | Unit 2626 |
| 12:41 | Build | House |
| 12:48 | Create | Unit 2626 |
| 12:51 | Build | House |
| 13:02 | Build | Lumber Camp |
| 13:04 | Create | Villager (Male) |
| 13:04 | Create | Villager (Male) |
| 13:06 | Create | Villager (Male) |
| 13:13 | Build | Mill |
| 13:30 | Create | Unit 2626 |
| 13:30 | Create | Unit 2626 |
| 13:33 | Create | Villager (Male) |
| 13:33 | Create | Villager (Male) |
| 14:05 | Create | Unit 2626 |
| 14:06 | Create | Villager (Male) |
| 14:07 | Create | Villager (Male) |
| 14:24 | Create | Unit 2626 |
| 14:28 | Create | Unit 2626 |
| 14:31 | Create | Villager (Male) |
| 14:31 | Create | Villager (Male) |
| 14:45 | Create | Villager (Male) |
| 14:57 | Create | Unit 2626 |
| 14:59 | Create | Villager (Male) |
| 14:59 | Create | Villager (Male) |
| 15:23 | Create | Villager (Male) |
| 15:25 | Research | Double-Bit Axe |
| 15:33 | Create | Villager (Male) |
| 15:43 | Build | Stone Wall |
| 15:50 | Build | House |
| 15:53 | Build | House |
| 16:05 | Research | Tech 906 |
| 16:05 | Create | Fishing Ship |
| 16:42 | Build | House |
| 16:56 | Create | Unit 2626 |
| 16:58 | Create | Villager (Male) |
| 17:20 | Build | Market |
| 17:24 | Create | Villager (Male) |
| 17:43 | Create | Unit 2626 |
| 17:43 | Create | Unit 2626 |
| 18:10 | Build | Blacksmith |
| 18:18 | Create | Villager (Male) |
| 18:26 | Build | Mining Camp |
| 18:41 | Create | Unit 2626 |
| 18:42 | Create | Unit 2626 |
| 19:06 | Research | Castle Age |
| 19:57 | Build | Palisade Wall |
| 20:05 | Build | Palisade Wall |
| 20:31 | Research | Loom |
| 21:02 | Create | Fishing Ship |
| 21:02 | Create | Fishing Ship |
| 21:06 | Build | House |
| 21:07 | Build | House |
| 21:16 | Build | Barracks |
| 21:46 | Age | Castle Age |
| 22:05 | Build | Castle |
| 22:11 | Create | Villager (Male) |
| 22:14 | Research | Gillnets |
| 22:14 | Create | Fishing Ship |
| 22:22 | Research | Bow Saw |
| 22:45 | Create | Villager (Male) |
| 22:45 | Create | Villager (Male) |
| 22:51 | Build | Stable |
| 22:54 | Build | House |
| 23:10 | Research | War Galley (upgrade) |
| 23:12 | Create | Villager (Male) |
| 23:12 | Create | Villager (Male) |
| 23:35 | Build | House |
| 23:50 | Build | Town Center |
| 24:00 | Create | Unit 1908 |
| 24:00 | Create | Unit 1908 |
| 24:10 | Build | Gate |
| 24:13 | Create | Villager (Male) |
| 24:29 | Build | Stone Wall |
| 24:31 | Build | Stone Wall |
| 24:33 | Build | Stone Wall |
| 24:35 | Create | Villager (Male) |
| 24:35 | Create | Villager (Male) |
| 24:43 | Create | Unit 1908 |
| 24:44 | Create | Unit 1908 |
| 24:53 | Build | House |
| 24:54 | Build | House |
| 25:06 | Create | Villager (Male) |
| 25:06 | Create | Villager (Male) |
| 25:22 | Build | Town Center |
| 25:25 | Create | Unit 1908 |
| 25:27 | Create | Villager (Male) |
| 25:28 | Create | Villager (Male) |
| 25:36 | Build | Farm |
| 25:37 | Build | Farm |
| 25:37 | Build | Farm |
| 25:37 | Build | Farm |
| 25:37 | Build | Farm |
| 25:38 | Build | Farm |
| 25:38 | Build | Farm |
| 25:59 | Create | Villager (Male) |
| 25:59 | Create | Villager (Male) |
| 25:59 | Create | Villager (Male) |
| 26:14 | Create | Villager (Male) |
Match timeline
| 0:21 | Rey_Mono86 · first_building Dock |
| 1:07 | MrSmiley · first_building Dock |
| 1:13 | 团结鼓励友爱 · first_building Dock |
| 1:42 | Rey_Mono86 · wall_segment Palisade Wall x1 |
| 1:43 | 蒜香骨 · wall_segment Palisade Wall x1 |
| 1:44 | Rey_Mono86 · wall_segment Palisade Wall x1 |
| 1:55 | senninho · wall_segment Palisade Wall x1 |
| 1:58 | senninho · wall_segment Palisade Wall x1 |
| 1:59 | senninho · wall_segment Palisade Wall x1 |
| 2:01 | senninho · wall_segment Palisade Wall x1 |
| 2:02 | 蒜香骨 · wall_segment Palisade Wall x1 |
| 2:07 | 蒜香骨 · wall_segment Palisade Wall x1 |
| 2:09 | 蒜香骨 · wall_segment Palisade Wall x1 |
| 2:11 | 蒜香骨 · wall_segment Palisade Wall x1 |
| 2:16 | 蒜香骨 · wall_segment Palisade Wall x1 |
| 2:28 | Rey_Mono86 · wall_segment Palisade Wall x1 |
| 2:29 | 蒜香骨 · wall_segment Palisade Wall x1 |
| 2:35 | 蒜香骨 · wall_segment Palisade Wall x1 |
| 2:42 | 蒜香骨 · wall_segment Palisade Wall x1 |
| 2:49 | -Miranda- · first_building Dock |
| 2:50 | Sir Monkey · first_building Dock |
| 3:18 | 2ʙ♥ˡᵒᵛᵉᵧₒᵤ · first_building Dock |
| 4:44 | senninho · first_building Dock |
| 4:59 | 蒜香骨 · first_building Dock |
| 6:57 | 蒜香骨 · wall_segment Palisade Wall x1 |
| 9:42 | senninho · wall_segment Palisade Wall x1 |
| 9:47 | senninho · wall_segment Palisade Wall x1 |
| 9:52 | senninho · wall_segment Palisade Wall x1 |
| 10:40 | Sir Monkey · first_building Barracks |
| 11:29 | 团结鼓励友爱 · wall_segment Palisade Wall x1 |
| 11:36 | Sir Monkey · wall_segment Palisade Wall x10 |
| 12:06 | 蒜香骨 · wall_segment Palisade Wall x4 |
| 12:09 | 蒜香骨 · wall_segment Palisade Wall x1 |
| 12:26 | 2ʙ♥ˡᵒᵛᵉᵧₒᵤ · first_building Barracks |
| 12:33 | 团结鼓励友爱 · age_up feudal |
| 13:00 | Sir Monkey · age_up feudal |
| 13:01 | 蒜香骨 · wall_segment Palisade Wall x1 |
| 13:05 | 蒜香骨 · wall_segment Palisade Wall x8 |
| 13:10 | Sir Monkey · first_building Archery Range |
| 13:20 | Rey_Mono86 · wall_segment Palisade Wall x10 |
| 13:31 | Sir Monkey · wall_segment Stone Wall x9 |
| 13:41 | 2ʙ♥ˡᵒᵛᵉᵧₒᵤ · age_up feudal |
| 13:54 | Rey_Mono86 · age_up feudal |
| 13:55 | MrSmiley · age_up feudal |
| 14:00 | Rey_Mono86 · wall_segment Palisade Wall x1 |
| 14:06 | 2ʙ♥ˡᵒᵛᵉᵧₒᵤ · first_building Stable |
| 14:07 | senninho · age_up feudal |
| 14:10 | MrSmiley · first_building Barracks |
| 14:27 | MrSmiley · wall_segment Stone Wall x14 |
| 14:33 | 蒜香骨 · age_up feudal |
| 15:04 | senninho · first_building Barracks |
| 15:43 | 团结鼓励友爱 · wall_segment Stone Wall x11 |
| 15:45 | -Miranda- · first_building Barracks |
| 16:13 | -Miranda- · age_up feudal |
| 16:36 | senninho · first_building Archery Range |
| 18:04 | 团结鼓励友爱 · first_market_sell 100 food |
| 18:05 | senninho · age_up castle |
| 18:05 | 团结鼓励友爱 · first_market_buy 100 wood |
| 18:19 | Rey_Mono86 · age_up castle |
| 18:43 | senninho · first_building Stable |
| 18:47 | 蒜香骨 · age_up castle |
| 19:01 | -Miranda- · first_market_sell 100 wood |
| 19:03 | -Miranda- · first_market_buy 100 food |
| 19:54 | 蒜香骨 · first_building Monastery |
| 19:57 | 团结鼓励友爱 · wall_segment Palisade Wall x1 |
| 20:05 | 团结鼓励友爱 · wall_segment Palisade Wall x12 |
| 20:24 | Rey_Mono86 · first_market_buy 100 wood |
| 20:32 | 2ʙ♥ˡᵒᵛᵉᵧₒᵤ · age_up castle |
| 20:56 | senninho · first_market_buy 100 food |
| 21:09 | Sir Monkey · age_up castle |
| 21:16 | 团结鼓励友爱 · first_building Barracks |
| 21:21 | Sir Monkey · first_building Castle |
| 21:34 | 蒜香骨 · first_building Barracks |
| 21:44 | -Miranda- · age_up castle |
| 21:46 | 团结鼓励友爱 · age_up castle |
| 22:05 | 团结鼓励友爱 · first_building Castle |
| 22:06 | -Miranda- · first_building Stable |
| 22:22 | Rey_Mono86 · first_building Barracks |
| 22:24 | Sir Monkey · first_market_buy 100 food |
| 22:27 | MrSmiley · age_up castle |
| 22:33 | senninho · first_building Siege Workshop |
| 22:49 | 蒜香骨 · first_market_buy 100 food |
| 22:51 | 团结鼓励友爱 · first_building Stable |
| 23:03 | Rey_Mono86 · first_building Archery Range |
| 23:33 | senninho · first_market_sell 100 stone |
| 23:39 | 2ʙ♥ˡᵒᵛᵉᵧₒᵤ · first_building Siege Workshop |
| 24:13 | Sir Monkey · wall_segment Palisade Wall x9 |
| 24:19 | Rey_Mono86 · first_building Castle |
| 24:29 | 团结鼓励友爱 · wall_segment Stone Wall x4 |
| 24:31 | 团结鼓励友爱 · wall_segment Stone Wall x8 |
| 24:33 | 团结鼓励友爱 · wall_segment Stone Wall x3 |
| 24:37 | 2ʙ♥ˡᵒᵛᵉᵧₒᵤ · first_building Castle |
| 25:12 | MrSmiley · first_building Monastery |
| 25:19 | 2ʙ♥ˡᵒᵛᵉᵧₒᵤ · first_building Monastery |
| 25:53 | Sir Monkey · wall_segment Palisade Wall x9 |
| 25:59 | MrSmiley · first_building Stable |
| 26:48 | Sir Monkey · wall_segment Palisade Wall x6 |
| 26:58 | 蒜香骨 · wall_segment Palisade Wall x5 |
| 27:38 | 蒜香骨 · wall_segment Stone Wall x4 |
| 27:41 | Sir Monkey · first_building Siege Workshop |
| 28:01 | Sir Monkey · wall_segment Stone Wall x7 |
| 28:23 | 蒜香骨 · first_building Castle |
| 28:40 | 蒜香骨 · wall_segment Stone Wall x1 |
| 28:45 | 蒜香骨 · wall_segment Stone Wall x1 |
| 28:50 | 蒜香骨 · wall_segment Stone Wall x14 |
| 29:02 | 蒜香骨 · wall_segment Stone Wall x1 |
| 29:20 | 2ʙ♥ˡᵒᵛᵉᵧₒᵤ · age_up imperial |
| 30:54 | 蒜香骨 · wall_segment Stone Wall x1 |
| 30:54 | 蒜香骨 · wall_segment Stone Wall x1 |
| 30:59 | Rey_Mono86 · first_building Siege Workshop |
| 31:59 | -Miranda- · first_building Castle |
| 32:18 | 蒜香骨 · first_building Stable |
| 32:21 | -Miranda- · first_building Archery Range |
| 32:41 | 蒜香骨 · age_up imperial |
| 32:44 | senninho · first_building Monastery |
| 32:50 | MrSmiley · first_building Castle |
| 34:00 | 蒜香骨 · first_market_sell 100 food |
| 34:10 | 团结鼓励友爱 · resign |
| 34:46 | 蒜香骨 · wall_segment Stone Wall x3 |
| 35:54 | Rey_Mono86 · age_up imperial |
| 36:58 | senninho · age_up imperial |
| 37:38 | MrSmiley · first_market_sell 100 wood |
| 37:41 | MrSmiley · first_market_buy 100 food |
| 39:45 | -Miranda- · age_up imperial |
| 40:39 | senninho · first_building Castle |
| 40:53 | MrSmiley · age_up imperial |
| 41:14 | 蒜香骨 · first_building Siege Workshop |
| 43:14 | Sir Monkey · first_building Stable |
| 44:29 | Sir Monkey · first_market_sell 100 wood |
| 48:59 | 蒜香骨 · wall_segment Stone Wall x1 |
| 48:59 | 蒜香骨 · wall_segment Stone Wall x1 |
[ AI ANALYSIS · 1 CREDIT ]
What really happened in this match?
Wolo.gg analyzes every decision: build order, eco, micro, common mistakes by bracket. Personalized analysis on WhatsApp or Discord in 30 seconds.
Civ guide
Georgians
Perfil
Jugador #3062202